 Dungeon Crawl Stone Soup version 0.31-a0-177-g4aa6249778 (webtiles) character file.

Game seed: 4104177354495793454

70 qw the Shooter (level 4, -3/39 HPs)
             Began as a Naga Hunter on June 18, 2023.
             Slain by a lemure (4 damage)
             ... led by Pikel
             ... on level 3 of the Dungeon.
             The game lasted 00:00:37 (1487 turns).

qw the Shooter (Naga Hunter)                        Turns: 1487, Time: 00:00:38

Health: -3/39      AC:  3    Str: 11 (13) XL:     4   Next: 21%
Magic:  4/4        EV:  9    Int:  6 (9)  God:
Gold:   156        SH:  0    Dex: 15 (17) Spells: 3/3 levels left

rFire   . . .        Y - +0 shortbow
rCold   . . .        (shield currently unavailable)
rNeg    . . .        c - +0 leather armour
rPois   +            (no helmet)
rElec   .            h - +0 cloak
rCorr   .            (no gloves)
SInv    +            (no barding)
Will    +....        (no amulet)
Stlth   ++           (no ring)
HPRegen 0.26/turn    (no ring)
MPRegen 0.09/turn

%: no passive effects
@: short of breath, enlightened, flying, very slow
A: AC +1, large, see invisible, deformed body, poison resistance, slowness 2,
spit poison 1, naga tail 1
a: Spit Poison


You were on level 3 of the Dungeon.
You visited 1 branch of the dungeon, and saw 4 of its levels.

You collected 156 gold pieces.


Innate Abilities, Weirdness & Mutations

Your serpentine skin is tough. (AC +1)
You have supernaturally acute eyesight. (SInv)
Armour fits poorly on your strangely shaped body.
Your system is resistant to poisons. (rPois)
You cover ground very slowly.
You can spit poison.
You have a snake-like lower body.


   Skills:
 + Level 2.1 Fighting
 - Level 5.1 Ranged Weapons
 - Level 1.5 Dodging
 - Level 1.5 Stealth


You had 3 spell levels left.
You didn't know any spells.
Your spell library was empty.

Inventory:

Hand Weapons
 Y - a +0 shortbow (weapon)
Armour
 c - a +0 leather armour (worn)
 h - a +0 cloak (worn)
Potions
 b - a potion of enlightenment
 d - a potion of ambrosia {unknown}
 g - a potion of curing
 i - a potion of mutation {unknown}
 j - a potion of haste {unknown}

Dungeon Overview and Level Annotations

Branches:
Dungeon (4/15)
 Temple: D:4-7

Altars:
Zin

Shops:
D:3 (

Annotations:
D:4 Pikel


Message History

The lemure shouts!
The lemure shouts!
You shoot an arrow.
Pikel shouts!
The lemure shouts!
The arrow hits the lemure but does no damage.
The lemure is moderately wounded.
The lemure hits you.
The lemure shouts!
You shoot an arrow. The arrow closely misses the lemure.
You have got your breath back.
The lemure hits you! x2; The lemure barely misses you.
1480 ||| STAIRDANCE The lemure hits you. x2
You fly upwards.
You flicker for a moment.
There is a stone staircase leading down here.
1482 ||| INVOKING Spit Poison.
Aiming: Spit Poison (1% risk of failure)
Press: ? - help, Shift-Dir - straight line, f - lemure The splash of poison hits the lemure.
The lemure looks even sicker.
The lemure is severely wounded.
The lemure closely misses you.
You shoot an arrow. The arrow hits the lemure!
The lemure is almost dead.
The lemure hits you. The lemure hits you! The lemure barely misses you.
You shoot an arrow. The arrow hits the lemure!
You kill the lemure!
That felt strangely unrewarding.
The lemure hits you but does no damage. The lemure closely misses you.
You shoot an arrow. The arrow hits the lemure.
The lemure is lightly wounded.
The lemure closely misses you. The lemure hits you.
You shoot an arrow. The arrow barely misses the lemure.
You flicker back into view.
The lemure barely misses you. The lemure hits you.
You shoot an arrow.
The arrow hits the lemure but does no damage.
The lemure is lightly wounded.
The lemure hits you but does no damage. The lemure hits you.
You die...

####### #.....# #.....# #.....#
############ #.....# #..........#
#.....# #..........####.....#
#..5@5..............#
#..........####.....# ######
##.............#.....# .....#
#####...........##.......#
.....###........!......###.....##
.........###...........# ####....
.....#######...........# ####.
##)### ##...########### ####....
#.# #..### ##......#


You could see 2 lemures.

Vanquished Creatures
  A lemure (D:3)
  2 adders
  A worm (D:2)
  An orc (D:3)
  3 ball pythons
  4 bats
  An endoplasm (D:1)
  3 giant cockroaches
  6 hobgoblins
  3 jackals (D:3)
  6 kobolds
  A quokka (D:2)
  6 frilled lizards
  3 goblins
  3 rats
44 creatures vanquished.

Notes
Turn   | Place    | Note
-------+----------+-------------------------------------------
     0 | D:1      | qw the Naga Hunter began the quest for the Orb.
     0 | D:1      | Reached XP level 1. HP: 19/19 MP: 1/1
     0 | D:1      | 0 ||| qw: Version: 0.3-a-7-ge0c9b40
     0 | D:1      | 0 ||| qw: Game counter: 804
     0 | D:1      | 0 ||| qw: Always use a shield: true
     0 | D:1      | 0 ||| qw: God list: Okawaru
     0 | D:1      | 0 ||| qw: Allow faded altars: false
     0 | D:1      | 0 ||| qw: Do Orc after D:15 true
     0 | D:1      | 0 ||| qw: Do second Lair branch before Depths: true
     0 | D:1      | 0 ||| qw: Lair rune preference: random
     0 | D:1      | 0 ||| qw: Plans: Normal
     0 | D:1      | 0 ||| PLANNING D:1-11
   119 | D:1      | 119 ||| INVOKING Spit Poison.
   156 | D:1      | 156 ||| INVOKING Spit Poison.
   160 | D:1      | 160 ||| INVOKING Spit Poison.
   186 | D:1      | 186 ||| INVOKING Spit Poison.
   195 | D:1      | 195 ||| INVOKING Spit Poison.
   197 | D:1      | Reached skill level 4 in Ranged Weapons
   197 | D:1      | Reached XP level 2. HP: 26/26 MP: 2/2
   281 | D:1      | 281 ||| INVOKING Spit Poison.
   317 | D:1      | 317 ||| INVOKING Spit Poison.
   501 | D:1      | 501 ||| UPGRADING to +0 cloak.
   506 | D:1      | 506 ||| READING scroll labelled LOIL DAORAMEOR.
   507 | D:1      | 507 ||| READING scroll labelled UBLOGURYGA.
   508 | D:1      | 508 ||| DRINKING 2 bubbling ruby potions.
   509 | D:1      | 509 ||| DROPPING scroll of butterflies.
   553 | D:2      | 553 ||| INVOKING Spit Poison.
   584 | D:2      | 584 ||| INVOKING Spit Poison.
   598 | D:2      | 598 ||| INVOKING Spit Poison.
   603 | D:2      | 603 ||| INVOKING Spit Poison.
   604 | D:2      | 604 ||| INVOKING Spit Poison.
   610 | D:2      | 610 ||| INVOKING Spit Poison.
   610 | D:2      | HP: 6/26 [kobold/+0 whip (1)]
   611 | D:2      | 611 ||| DRINKING potion of heal wounds.
   725 | D:2      | Identified the +0 ring mail "Gaxocar" {rPois}
   780 | D:2      | 780 ||| INVOKING Spit Poison.
   818 | D:2      | 818 ||| INVOKING Spit Poison.
   819 | D:2      | Reached XP level 3. HP: 32/32 MP: 3/3
   823 | D:2      | 823 ||| INVOKING Spit Poison.
   834 | D:2      | 834 ||| INVOKING Spit Poison.
   888 | D:2      | 888 ||| INVOKING Spit Poison.
   980 | D:2      | 980 ||| INVOKING Spit Poison.
   997 | D:2      | 997 ||| INVOKING Spit Poison.
  1093 | D:2      | 1093 ||| DROPPING +0 ring mail "Gaxocar" {rPois}.
  1094 | D:2      | 1094 ||| READING 2 scrolls labelled EFO PAL OGHAQ.
  1095 | D:2      | 1095 ||| DRINKING 2 coppery potions.
  1096 | D:2      | 1096 ||| DROPPING scroll of blinking.
  1106 | D:3      | 1106 ||| INVOKING Spit Poison.
  1111 | D:3      | 1111 ||| INVOKING Spit Poison.
  1124 | D:3      | 1124 ||| INVOKING Spit Poison.
  1128 | D:3      | 1128 ||| INVOKING Spit Poison.
  1129 | D:3      | 1129 ||| INVOKING Spit Poison.
  1145 | D:3      | Found Sefacuh's Antique Weapon Shop.
  1159 | D:3      | 1159 ||| INVOKING Spit Poison.
  1198 | D:3      | 1198 ||| INVOKING Spit Poison.
  1201 | D:3      | 1201 ||| INVOKING Spit Poison.
  1250 | D:3      | 1250 ||| INVOKING Spit Poison.
  1301 | D:3      | 1301 ||| INVOKING Spit Poison.
  1304 | D:3      | Reached skill level 5 in Ranged Weapons
  1304 | D:3      | Reached XP level 4. HP: 39/39 MP: 4/4
  1412 | D:3      | Found a glowing silver altar of Zin.
  1461 | D:3      | 1461 ||| READING scroll labelled ARYINL UGRIMM.
  1462 | D:3      | 1462 ||| READING scroll labelled ROFAPSUMIUTI.
  1463 | D:3      | 1463 ||| READING scroll labelled FYOPUDGHOUBOO.
  1466 | D:3      | 1466 ||| DRINKING 3 orange potions.
  1467 | D:3      | 1467 ||| DRINKING 2 lumpy silvery potions.
  1468 | D:3      | 1468 ||| DRINKING 2 bubbling pink potions.
  1469 | D:3      | 1469 ||| DROPPING 2 potions of degeneration.
  1470 | D:3      | 1470 ||| DROPPING potion of invisibility.
  1476 | D:4      | Noticed Pikel
  1476 | D:4      | Noticed a lemure
  1476 | D:4      | Noticed a lemure
  1476 | D:4      | Noticed a lemure
  1476 | D:4      | Noticed a lemure
  1477 | D:4      | 1477 ||| INVOKING Spit Poison.
  1480 | D:4      | 1480 ||| STAIRDANCE
  1482 | D:3      | 1482 ||| INVOKING Spit Poison.
  1483 | D:3      | HP: 6/39 [lemure[Pikel] (7)]
  1484 | D:3      | Killed a lemure
  1485 | D:3      | HP: 1/39 [lemure[Pikel] (5)]
  1487 | D:3      | Slain by a lemure

Levels and vault maps discovered:
D:1:      tarquinn_simple_flora_water_a, layout_rooms, grunt_decor_one_mirror,
          minmay_misc_feat_chi
D:2:      layout_basic, chequers_serial_rivers_marsh
D:3:      layout_rooms, zin_statuary, serial_shops, nicolae_shop_trees
D:4:      minmay_chambers_of_twos, layout_loops_cross, kennysheep_mini,
          serial_shops, nicolae_shop_hallway_plus,
          nicolae_shop_bloodbath_and_beyond, nicolae_shop_tiny_real_fake_doors,
          minmay_quantized, uniq_pikel, uniq_menkaure

Skill      XL: |  1  2  3 |
---------------+----------+-----
Ranged Weapons | 4 5 |  5.1
Fighting       | |  2.1
Dodging        | |  1.5
Stealth        | |  1.5

Action                     |  1- 3 |  4- 6 || total
---------------------------+-------+-------++-------
   Fire: Shortbow          |    73 |    11 ||    84
Ability: Spit Poison       |    28 |     2 ||    30
    Use: Scroll            |     3 |     3 ||     6
         Potion            |     3 |     3 ||     6
 Armour: Leather armour    |    12 |     2 ||    14
  Dodge: Dodged            |    17 |     6 ||    23

Table legend:
 A = Non-vault XP
 B = Vault XP
 C = Vault XP percentage of total XP
 D = Non-vault monster count
 E = Vault monster count
 F = Vault count percentage of total count
                 A         B        C        D         E       F
            +---------+---------+-------+---------+---------+-------
      Total |     100 |       0 |   0.0 |      43 |       0 |   0.0
            +---------+---------+-------+---------+---------+-------
        D:1 |      15 |       0 |   0.0 |      10 |       0 |   0.0
        D:2 |      47 |       0 |   0.0 |      19 |       0 |   0.0
        D:3 |      38 |       0 |   0.0 |      14 |       0 |   0.0
            +---------+---------+-------+---------+---------+-------
